 Dungeon Crawl Stone Soup version 0.30-a0-4-ga7cffc901d (webtiles) character file.

Game seed: 9957716571784561365

897 SensoryNuts the Cutter (level 8, -1/48 HPs)
             Began as a Kobold Fighter on Aug 20, 2022.
             Shot with an arrow by a centaur (7 damage)
             ... on level 5 of the Dungeon.
             The game lasted 00:07:02 (7324 turns).

SensoryNuts the Cutter (Kobold Fighter)             Turns: 7324, Time: 00:07:02

Health: -1/48      AC: 10    Str: 13    XL:     8   Next: 28%
Magic:  8/8        EV: 11    Int: 10    God:
Gold:   162        SH:  6    Dex: 16    Spells: 7/7 levels left

rFire   . . .      SeeInvis .    k - +5 short sword (speed)
rCold   + . .      Faith    .    c - +0 buckler
rNeg    . . .      Spirit   .    b - +0 scale mail
rPois   .          Reflect  .    (no helmet)
rElec   .          Harm     .    (no cloak)
rCorr   .          Rampage  .    (no gloves)
Will    .....                    (no boots)
Stlth   ++........               (no amulet)
HPRegen 0.16/turn                (no ring)
MPRegen 0.11/turn                (no ring)

@: unable to read
A: small, no large weapons, nightstalker 3, iridescent scales 1, cold resistance
1, shaggy fur 1, inability to read after injury 1
a: no special abilities


You were on level 5 of the Dungeon.
You visited 1 branch of the dungeon, and saw 5 of its levels.

You collected 257 gold pieces.
You spent 95 gold pieces at shops.

Inventory:

Hand Weapons
 a - a +0 rapier of chaos
 d - the +0 dagger "Vaocwualu" {pain, Drain Str+4}
   (You found it on level 3 of the Dungeon)

   In the hands of one skilled in necromantic magic, it inflicts extra damage on
   living creatures.
   Str:       It affects your strength (+4).
   Drain:     It drains your maximum health when unequipped.
 e - a +0 short sword of holy wrath
 k - a +5 short sword of speed (weapon)
Armour
 b - a +0 scale mail (worn)
 c - a +0 buckler (worn)
Wands
 i - a wand of digging (6)
Scrolls
 p - a scroll of magic mapping
Potions
 h - 2 potions of flight
 l - a potion of magic
 m - a potion of degeneration
 n - a potion of attraction


   Skills:
 + Level 4.9 Fighting
 * Level 7.2 Short Blades
 + Level 4.5 Armour
 + Level 2.3 Dodging
 + Level 2.3 Stealth
 + Level 3.5 Shields


You had 7 spell levels left.
You didn't know any spells.
Your spell library was empty.

Dungeon Overview and Level Annotations

Branches:
Dungeon (5/15)
 Temple: D:4-7

Altars:

Shops:
D:3 *((

Annotations:
D:5 Edmund


Innate Abilities, Weirdness & Mutations

You are small and have problems with some larger weapons.
You are completely attuned to the shadows.
You are partially covered in iridescent scales. (AC +2)
Your flesh is cold resistant. (rC+)
You are covered in fur. (AC +1)
You occasionally lose the ability to read scrolls when taking damage.


Message History

Edmund is heavily wounded.
Edmund closely misses you.
You hit Edmund but do no damage.
Edmund is heavily wounded.
You hit Edmund.
Edmund is heavily wounded.
Edmund hits you with a +1 dire flail of protection!
* * * LOW HITPOINT WARNING * * *
You hit Edmund but do no damage.
Edmund is heavily wounded.
As you read the scroll of teleportation, it crumbles to dust.
You feel strangely unstable. You block Edmund's attack.
Your surroundings suddenly seem different.
An orc comes into view. It is wielding a +0 mace.
An orc is nearby!
An orc is nearby!
The orc shouts!
The orc throws a boomerang.
The boomerang hits you.
* * * LOW HITPOINT WARNING * * *
A centaur comes into view.
The centaur wields a +0 shortbow.
The centaur shoots an arrow.
You block the arrow.
The centaur shoots an arrow.
You block the arrow.
The centaur shoots an arrow.
The arrow hits you.
* * * LOW HITPOINT WARNING * * *
The orc throws a boomerang.
The boomerang barely misses you.
The centaur shoots an arrow.
The arrow misses you.
An orc comes into view. It is wielding a +0 club.
The orc shouts!
The centaur shoots an arrow.
The arrow hits you but does no damage.
You hit the orc.
The orc is severely wounded.
The centaur shoots an arrow.
The arrow hits you.
* * * LOW HITPOINT WARNING * * *
The orc hits you but does no damage.
You puncture the orc!
You kill the orc!
The centaur shoots an arrow.
The arrow hits you!
You feel threatened and lose the ability to read scrolls!
You die...

......#
......#
......#
#...o##
..c...#
....o.#
####.##
#..#####
##.@)...
#####..


You could see a centaur and an orc.

Vanquished Creatures
  The ghost of siradein the Trooper, an amateur HOFi (D:3)
  An ogre (D:5)
  A phantom (D:3)
  Blork the orc (D:3)
  2 scorpions
  An orc priest (D:5)
  A hound (D:4)
  2 jellies
  Ijyb (D:4)
  12 gnolls
  5 adders
  A worm (D:2)
  2 dart slugs
  9 orcs
  5 bats
  5 giant cockroaches
  6 goblins
  7 hobgoblins
  3 quokkas
  2 ball pythons
  2 frilled lizards
  8 kobolds
  3 rats
81 creatures vanquished.

Vanquished Creatures (collateral kills)
  A jelly (D:3)
1 creature vanquished.

Grand Total: 82 creatures vanquished

Notes
Turn   | Place    | Note
-------+----------+-------------------------------------------
     0 | D:1      | SensoryNuts the Kobold Fighter began the quest for the Orb.
     0 | D:1      | Reached XP level 1. HP: 14/14 MP: 1/1
   383 | D:1      | Reached XP level 2. HP: 15/19 MP: 2/2
   502 | D:1      | You fall into a shaft and drop 1 floor!
   675 | D:2      | Reached skill level 3 in Short Blades
   719 | D:2      | Reached XP level 3. HP: 13/23 MP: 3/3
   844 | D:2      | Reached XP level 4. HP: 22/29 MP: 4/4
  2662 | D:3      | Reached XP level 5. HP: 33/33 MP: 5/5
  2704 | D:3      | Found Tauxugug's Antique Weapon Shop.
  2764 | D:3      | Found a runed translucent door.
  2765 | D:3      | Noticed siradein's ghost (amateur HOFi)
  2836 | D:3      | Found Nuvol's General Store.
  2841 | D:3      | Bought a scroll of summoning for 95 gold pieces
  2992 | D:3      | Reached skill level 4 in Short Blades
  3038 | D:3      | Found Nagrekki's Weapon Emporium.
  3339 | D:3      | Gained mutation: You occasionally lose the ability to read
                  | scrolls when taking damage. [potion of mutation]
  3339 | D:3      | Gained mutation: Your flesh is cold resistant. (rC+)
                  | [potion of mutation]
  3339 | D:3      | Gained mutation: You are partially covered in iridescent
                  | scales. (AC +2) [potion of mutation]
  3339 | D:3      | Gained mutation: You are covered in fur. (AC +1) [potion of
                  | mutation]
  3366 | D:3      | Killed siradein's ghost
  3367 | D:3      | Reached skill level 1 in Dodging
  3367 | D:3      | Reached skill level 1 in Stealth
  3367 | D:3      | Reached XP level 6. HP: 12/38 MP: 6/6
  3369 | D:3      | Reached skill level 5 in Short Blades
  3626 | D:3      | Identified the +0 dagger "Vaocwualu" {pain, Drain Str+4}
  3769 | D:4      | Noticed Ijyb
  3846 | D:4      | Killed Ijyb
  4383 | D:3      | Reached XP level 7. HP: 16/43 MP: 7/7
  5440 | D:4      | Noticed Blork the orc
  5457 | D:3      | Killed Blork the orc
  5731 | D:4      | Reached skill level 6 in Short Blades
  6794 | D:5      | Entered Level 5 of the Dungeon
  6886 | D:5      | Reached XP level 8. HP: 44/48 MP: 8/8
  7011 | D:5      | Reached skill level 7 in Short Blades
  7279 | D:5      | Noticed Edmund
  7324 | D:5      | Shot with an arrow by a centaur

Illustrated notes

Levels and vault maps discovered:
D:1:      saegor_arrival_simple_e, layout_rooms
D:2:      layout_basic
D:3:      layout_basic, serial_shops, shop, shop, shop,
          ebering_ghost_inner_flame
D:4:      layout_cave_pods, minmay_misc_feat_encased, minmay_between,
          uniq_blork_the_orc, uniq_ijyb
D:5:      layout_loops_ring, biasface_ghost_orc_armoury,
          uniq_crazy_yiuf_cottage, uniq_eustachio, uniq_edmund

Skill      XL: |  1  2  3  4  5  6  7  8 |
---------------+-------------------------+-----
Short Blades   | 3 4 5 6 7 |  7.2
Armour         | 3 4 |  4.5
Fighting       | 4 |  4.9
Dodging        | 1 2 |  2.3
Stealth        | 1 2 |  2.3
Shields        | 3 |  3.5

Action                   |  1- 3 |  4- 6 |  7- 9 || total
-------------------------+-------+-------+-------++-------
Melee: Rapier            |    56 |    59 |       ||   115
       Short sword       |       |    69 |   197 ||   266
       Dagger            |       |   100 |    59 ||   159
  Use: Potion            |     2 |     5 |     1 ||     8
       Scroll            |       |     2 |    13 ||    15
 Stab: Sleeping          |       |     2 |     3 ||     5
Armor: Scale mail        |    15 |    68 |    67 ||   150
Dodge: Dodged            |    24 |    97 |    95 ||   216
Block: Buckler           |    10 |    47 |    56 ||   113

Table legend: (Time is in decaauts)
 A = Elapsed time spent in this place.
 B = Non-inter-level travel time spent in this place.
 C = Inter-level travel time spent in this place.
 D = Time resting spent in this place.
 E = Time spent auto-exploring this place.
 F = Levels seen in this place.
 G = Mean time per level.
                   A        B        C        D        E       F      G
               +--------+--------+--------+--------+--------+-----+--------+
         Total |   7192 |   6740 |    452 |   1173 |   4762 |   5 | 1438.4 |
       Dungeon |   7192 |   6740 |    452 |   1173 |   4762 |   5 | 1438.4 |
               +--------+--------+--------+--------+--------+-----+--------+

Top non-repeatable levels by time:
     D:3: 2628 daAuts
     D:2: 1975 daAuts
     D:4: 1594 daAuts
     D:1: 503 daAuts
     D:5: 490 daAuts
